Workbook

Sheet ЛСР 07.01 (AL)
N1: Приложение №
N2: к договору подряда №
B4: ПОДРЯДЧИК | G4: ЗАКАЗЧИК | L4: ТЕХНИЧЕСКИЙ ЗАКАЗЧИК
G5: ООО ЭНКО СТРОЙ | L5: ООО ТЗ ЭНКО
B8: ______________/ | G8: ______________Ярков С.И. | L8: ______________Ярков С.И.
A10: Локальный сметный расчет №2 (ГП-215)
A13: № | B13: Наименование | C13: Марка/ Завод изготовитель | D13: Высота, м | E13: Ширина, м | F13: Характеристика | G13: Ед. изм. | H13: Площадь, м2 | I13: ГП-215.1 | J13: Кол-во | K13: Цена за ед. | L13: Сумма | M13: Примечание | N13: Форма закупа материала
A14: 07 | B14: Окна
A15: 07.01 | B15: Изготовление и монтаж Al изделий
A16: 07.01.01 | B16: Изготовление и монтаж дверей
A17: 07.01.01.00 | B17: Изготовление и монтаж дверей | L17: =L18+L20 -> 0
B18: Работа: | L18: =L19 -> 0
B19: Изготовление и монтаж дверей | G19: шт | I19: =SUM(I21:I23) -> 3 | J19: =SUM(I19:I19) -> 3 | K19: =VLOOKUP(B19,Работа!$B$4:$G$28,4,0) -> 0 | L19: =K19*J19 -> 0
B20: Материалы: | L20: =SUM(L21:L23) -> 0
B21: Д-5 тип 1 | D21: 2.08 | E21: 1.06 | F21: 2,08*1,06 | G21: шт | H21: =(D21*E21)*J21 -> 2.2048 | I21: 1 | J21: =SUM(I21:I21) -> 1 | K21: =VLOOKUP(B21,Материал!$B$5:$L$36,9,0) -> 0 | L21: =K21*J21 -> 0 | M21: Ral 9004
B22: Д-6 тип 1 | D22: 2.08 | E22: 1.56 | F22: 2,08*1,56 | G22: шт | H22: =(D22*E22)*J22 -> 3.2448 | I22: 1 | J22: =SUM(I22:I22) -> 1 | K22: =VLOOKUP(B22,Материал!$B$5:$L$36,9,0) -> 0 | L22: =K22*J22 -> 0 | M22: Ral 9004/EIS60
B23: Д-7 тип 1 | D23: 2.08 | E23: 0.97 | F23: 2,08*0,97 | G23: шт | H23: =(D23*E23)*J23 -> 2.0176 | I23: 1 | J23: =SUM(I23:I23) -> 1 | K23: =VLOOKUP(B23,Материал!$B$5:$L$36,9,0) -> 0 | L23: =K23*J23 -> 0 | M23: Ral 9004
A24: 07.01.02 | B24: Изготовление и монтаж витражей
A25: 07.01.02.00 | B25: Изготовление и монтаж витражей | L25: =L26+L39 -> 0
B26: Работа: | L26: =SUM(L27:L38) -> 0
B27: Изготовление и монтаж витражей В-1 тип 1 | G27: шт | I27: =I40 -> 5 | J27: =SUM(I27:I27) -> 5 | K27: =VLOOKUP(B27,Работа!$B$4:$G$28,4,0) -> 0 | L27: =K27*J27 -> 0
B28: Изготовление и монтаж витражей В-1.1 тип 1 | G28: шт | I28: =I41 -> 1 | J28: =SUM(I28:I28) -> 1 | K28: =VLOOKUP(B28,Работа!$B$4:$G$28,4,0) -> 0 | L28: =K28*J28 -> 0
B29: Изготовление и монтаж витражей В-2 тип 1 | G29: шт | I29: =I42 -> 2 | J29: =SUM(I29:I29) -> 2 | K29: =VLOOKUP(B29,Работа!$B$4:$G$28,4,0) -> 0 | L29: =K29*J29 -> 0
B30: Изготовление и монтаж витражей В-3 тип 1 | G30: шт | I30: =I43 -> 2 | J30: =SUM(I30:I30) -> 2 | K30: =VLOOKUP(B30,Работа!$B$4:$G$28,4,0) -> 0 | L30: =K30*J30 -> 0
B31: Изготовление и монтаж витражей В-4 тип 1 | G31: шт | I31: =I44 -> 2 | J31: =SUM(I31:I31) -> 2 | K31: =VLOOKUP(B31,Работа!$B$4:$G$28,4,0) -> 0 | L31: =K31*J31 -> 0
B32: Изготовление и монтаж витражей В-5 тип 1 | G32: шт | I32: =I45 -> 2 | J32: =SUM(I32:I32) -> 2 | K32: =VLOOKUP(B32,Работа!$B$4:$G$28,4,0) -> 0 | L32: =K32*J32 -> 0
B33: Изготовление и монтаж витражей В-6 тип 1 | G33: шт | I33: =I46 -> 3 | J33: =SUM(I33:I33) -> 3 | K33: =VLOOKUP(B33,Работа!$B$4:$G$28,4,0) -> 0 | L33: =K33*J33 -> 0
B34: Изготовление и монтаж витражей В-7 тип 1 | G34: шт | I34: =I47 -> 1 | J34: =SUM(I34:I34) -> 1 | K34: =VLOOKUP(B34,Работа!$B$4:$G$28,4,0) -> 0 | L34: =K34*J34 -> 0
B35: Изготовление и монтаж витражей В-8 тип 1 | G35: шт | I35: =I48 -> 1 | J35: =SUM(I35:I35) -> 1 | K35: =VLOOKUP(B35,Работа!$B$4:$G$28,4,0) -> 0 | L35: =K35*J35 -> 0
B36: Изготовление и монтаж витражей В-9 тип 1 | G36: шт | I36: =I49 -> 2 | J36: =SUM(I36:I36) -> 2 | K36: =VLOOKUP(B36,Работа!$B$4:$G$28,4,0) -> 0 | L36: =K36*J36 -> 0
B37: Изготовление и монтаж витражей В-10 тип 1 | G37: шт | I37: =I50 -> 1 | J37: =SUM(I37:I37) -> 1 | K37: =VLOOKUP(B37,Работа!$B$4:$G$28,4,0) -> 0 | L37: =K37*J37 -> 0
B38: Изготовление и монтаж витражей В-11 тип 1 | G38: шт | I38: =I51 -> 1 | J38: =SUM(I38:I38) -> 1 | K38: =VLOOKUP(B38,Работа!$B$4:$G$28,4,0) -> 0 | L38: =K38*J38 -> 0
B39: Материалы: | L39: =SUM(L40:L51) -> 0
B40: В-1 тип 1 | D40: 2.91 | E40: 2.12 | F40: 2,91*2,12 | G40: шт | H40: =(D40*E40)*J40 -> 30.846 | I40: 5 | J40: =SUM(I40:I40) -> 5 | K40: =VLOOKUP(B40,Материал!$B$5:$L$36,9,0) -> 0 | L40: =K40*J40 -> 0 | M40: Ral 9004
B41: В-1.1 тип 1 | D41: 2.91 | E41: 2.12 | F41: 2,91*2,12 | G41: шт | H41: =(D41*E41)*J41 -> 6.1692 | I41: 1 | J41: =SUM(I41:I41) -> 1 | K41: =VLOOKUP(B41,Материал!$B$5:$L$36,9,0) -> 0 | L41: =K41*J41 -> 0 | M41: Ral 9004
B42: В-2 тип 1 | D42: 2.91 | E42: 2.38 | F42: 2,91*2,38 | G42: шт | H42: =(D42*E42)*J42 -> 13.8516 | I42: 2 | J42: =SUM(I42:I42) -> 2 | K42: =VLOOKUP(B42,Материал!$B$5:$L$36,9,0) -> 0 | L42: =K42*J42 -> 0 | M42: Ral 9004
B43: В-3 тип 1 | D43: 2.91 | E43: 2.21 | F43: 2,91*2,31 | G43: шт | H43: =(D43*E43)*J43 -> 12.8622 | I43: 2 | J43: =SUM(I43:I43) -> 2 | K43: =VLOOKUP(B43,Материал!$B$5:$L$36,9,0) -> 0 | L43: =K43*J43 -> 0 | M43: Ral 9004
B44: В-4 тип 1 | D44: 2.91 | E44: 1.515 | F44: 2,91*1,52 | G44: шт | H44: =(D44*E44)*J44 -> 8.8173 | I44: 2 | J44: =SUM(I44:I44) -> 2 | K44: =VLOOKUP(B44,Материал!$B$5:$L$36,9,0) -> 0 | L44: =K44*J44 -> 0 | M44: Ral 9004
B45: В-5 тип 1 | D45: 2.57 | E45: 2.85 | F45: 2,57*2,85 | G45: шт | H45: =(D45*E45)*J45 -> 14.649 | I45: 2 | J45: =SUM(I45:I45) -> 2 | K45: =VLOOKUP(B45,Материал!$B$5:$L$36,9,0) -> 0 | L45: =K45*J45 -> 0 | M45: Ral 9004
B46: В-6 тип 1 | D46: 2.57 | E46: 1.57 | F46: 2,57*1,57 | G46: шт | H46: =(D46*E46)*J46 -> 12.1047 | I46: 3 | J46: =SUM(I46:I46) -> 3 | K46: =VLOOKUP(B46,Материал!$B$5:$L$36,9,0) -> 0 | L46: =K46*J46 -> 0 | M46: Ral 9004
B47: В-7 тип 1 | D47: 2.57 | E47: 0.86 | F47: 2,57*0,86 | G47: шт | H47: =(D47*E47)*J47 -> 2.2102 | I47: 1 | J47: =SUM(I47:I47) -> 1 | K47: =VLOOKUP(B47,Материал!$B$5:$L$36,9,0) -> 0 | L47: =K47*J47 -> 0 | M47: Ral 9004
B48: В-8 тип 1 | D48: 2.57 | E48: 1.52 | F48: 2,57*1,52 | G48: шт | H48: =(D48*E48)*J48 -> 3.9064 | I48: 1 | J48: =SUM(I48:I48) -> 1 | K48: =VLOOKUP(B48,Материал!$B$5:$L$36,9,0) -> 0 | L48: =K48*J48 -> 0 | M48: Ral 9004
B49: В-9 тип 1 | D49: 2.57 | E49: 2.78 | F49: 2,57*2,78 | G49: шт | H49: =(D49*E49)*J49 -> 14.2892 | I49: 2 | J49: =SUM(I49:I49) -> 2 | K49: =VLOOKUP(B49,Материал!$B$5:$L$36,9,0) -> 0 | L49: =K49*J49 -> 0 | M49: Ral 9004
B50: В-10 тип 1 | C50: Л-1 | D50: 8.29 | E50: 38.79 | F50: 8,29*38,79 | G50: шт | H50: =(D50*E50)*J50 -> 321.5691 | I50: 1 | J50: =SUM(I50:I50) -> 1 | K50: =VLOOKUP(B50,Материал!$B$5:$L$36,9,0) -> 0 | L50: =K50*J50 -> 0 | M50: Ral 9004
B51: В-11 тип 1 | C51: Л-2 | D51: 8.35 | E51: 38.79 | F51: 8,35*38,79 | G51: шт | H51: =(D51*E51)*J51 -> 323.8965 | I51: 1 | J51: =SUM(I51:I51) -> 1 | K51: =VLOOKUP(B51,Материал!$B$5:$L$36,9,0) -> 0 | L51: =K51*J51 -> 0 | M51: Ral 9004
A52: 07.01.02 | B52: Изготовление и монтаж детских замков
A53: 07.01.02.00 | B53: Изготовление и монтаж детских замков | L53: =L54+L56 -> 0
B54: Работа: | L54: =L55 -> 0
B55: Монтаж детских замков 2 | G55: шт | I55: =I57 -> 15 | J55: =SUM(I55:I55) -> 15 | K55: =VLOOKUP(B55,Работа!$B$4:$G$28,4,0) -> 0 | L55: =K55*J55 -> 0
B56: Материалы: | L56: =SUM(L57:L57) -> 0
B57: Детский замок 2 | G57: шт | I57: 15 | J57: =SUM(I57:I57) -> 15 | K57: =VLOOKUP(B57,Материал!$B$5:$L$36,9,0) -> 0 | L57: =K57*J57 -> 0 | M57: Ral 9016
A58: 07.01.03 | B58: Изготовление и монтаж оконных блоков
A59: 07.01.03.00 | B59: Изготовление и монтаж оконных блоков | L59: =L60+L62 -> 0
B60: Работа: | L60: =L61 -> 0
B61: Изготовление и монтаж оконных блоков | G61: шт | I61: =SUM(I63:I70) -> 15 | J61: =SUM(I61:I61) -> 15 | K61: =VLOOKUP(B61,Работа!$B$4:$G$28,4,0) -> 0 | L61: =K61*J61 -> 0
B62: Материалы: | L62: =SUM(L63:L70) -> 0
B63: ОК-13 тип 1 | D63: 2.56 | E63: 2.16 | F63: 2,56*2,16 | G63: шт | H63: =(D63*E63)*J63 -> 5.5296 | I63: 1 | J63: =SUM(I63:I63) -> 1 | K63: =VLOOKUP(B63,Материал!$B$5:$L$36,9,0) -> 0 | L63: =K63*J63 -> 0 | M63: Ral 9004/Ral 9016 EI60
B64: ОК-14 тип 1 | D64: 2.56 | E64: 1.95 | F64: 2,56*1,95 | G64: шт | H64: =(D64*E64)*J64 -> 9.984 | I64: 2 | J64: =SUM(I64:I64) -> 2 | K64: =VLOOKUP(B64,Материал!$B$5:$L$36,9,0) -> 0 | L64: =K64*J64 -> 0 | M64: Ral 9004/Ral 9016 EI60
B65: ОК-15 тип 1 | D65: 2.56 | E65: 1.57 | F65: 2,56*1,57 | G65: шт | H65: =(D65*E65)*J65 -> 8.0384 | I65: 2 | J65: =SUM(I65:I65) -> 2 | K65: =VLOOKUP(B65,Материал!$B$5:$L$36,9,0) -> 0 | L65: =K65*J65 -> 0 | M65: Ral 9004/Ral 9016 EI60
B66: ОК-16 тип 1 | D66: 2.56 | E66: 1.45 | F66: 2,56*1,45 | G66: шт | H66: =(D66*E66)*J66 -> 11.136 | I66: 3 | J66: =SUM(I66:I66) -> 3 | K66: =VLOOKUP(B66,Материал!$B$5:$L$36,9,0) -> 0 | L66: =K66*J66 -> 0 | M66: Ral 9004/Ral 9016 EI60
B67: ОК-17 тип 1 | D67: 2.56 | E67: 0.84 | F67: 2,56*0,84 | G67: шт | H67: =(D67*E67)*J67 -> 4.3008 | I67: 2 | J67: =SUM(I67:I67) -> 2 | K67: =VLOOKUP(B67,Материал!$B$5:$L$36,9,0) -> 0 | L67: =K67*J67 -> 0 | M67: Ral 9004/Ral 9016 EI60
B68: ОК-18 тип 1 | D68: 2.56 | E68: 1.6 | F68: 2,56*1,60 | G68: шт | H68: =(D68*E68)*J68 -> 8.192 | I68: 2 | J68: =SUM(I68:I68) -> 2 | K68: =VLOOKUP(B68,Материал!$B$5:$L$36,9,0) -> 0 | L68: =K68*J68 -> 0 | M68: Ral 9004/Ral 9016 EI60
B69: ОК-19 тип 1 | D69: 2.56 | E69: 2.01 | F69: 2,56*2,01 | G69: шт | H69: =(D69*E69)*J69 -> 10.2912 | I69: 2 | J69: =SUM(I69:I69) -> 2 | K69: =VLOOKUP(B69,Материал!$B$5:$L$36,9,0) -> 0 | L69: =K69*J69 -> 0 | M69: Ral 9004/Ral 9016 EI60
B70: ОК-20 тип 1 | D70: 2.56 | E70: 1.325 | F70: 2,56*1,325 | G70: шт | H70: =(D70*E70)*J70 -> 3.392 | I70: 1 | J70: =SUM(I70:I70) -> 1 | K70: =VLOOKUP(B70,Материал!$B$5:$L$36,9,0) -> 0 | L70: =K70*J70 -> 0 | M70: Ral 9004/Ral 9016 EI61
A71: 07.01.04 | B71: Изготовление и монтаж доводчиков
A72: 07.01.04.00 | B72: Монтаж доводчиков | L72: =L73+L75 -> 0
B73: Работа: | L73: =L74 -> 0
B74: Монтаж доводчиков | G74: шт | I74: =I76 -> 15 | J74: =SUM(I74:I74) -> 15 | K74: =VLOOKUP(B74,Работа!$B$4:$G$28,4,0) -> 0 | L74: =K74*J74 -> 0
B75: Материалы: | L75: =L76 -> 0
B76: Доводчик | F76: нагрузка от 100кг до 120кг, темп. режим до -35 (серебро) | G76: шт | I76: 15 | J76: =SUM(I76:I76) -> 15 | K76: =VLOOKUP(B76,Материал!$B$5:$L$36,9,0) -> 0 | L76: =K76*J76 -> 0 | M76: черный
A77: 07.01.05 | B77: Изготовление и монтаж ручки
A78: 07.01.05.00 | B78: Монтаж ручек | L78: =L79+L82 -> 0
B79: Работа: | L79: =L80+L81 -> 0
B80: Монтаж ручек тип 4 | G80: шт | I80: =I83 -> 14 | J80: =SUM(I80:I80) -> 14 | K80: =VLOOKUP(B80,Работа!$B$4:$G$28,4,0) -> 0 | L80: =K80*J80 -> 0
B81: Монтаж ручек тип 5 | G81: шт | I81: =I84 -> 1 | J81: =SUM(I81:I81) -> 1 | K81: =VLOOKUP(B81,Работа!$B$4:$G$28,4,0) -> 0 | L81: =K81*J81 -> 0
B82: Материалы: | L82: =L83+L84 -> 0
B83: Ручка тип 4 | F83: штанга 1800 - 2000 мм (нержавейка) | G83: шт | I83: 14 | J83: =SUM(I83:I83) -> 14 | K83: =VLOOKUP(B83,Материал!$B$5:$L$36,9,0) -> 0 | L83: =K83*J83 -> 0 | M83: нержавейка
B84: Ручка тип 5 | F84: нажимной гарнитур | G84: шт | I84: 1 | J84: =SUM(I84:I84) -> 1 | K84: =VLOOKUP(B84,Материал!$B$5:$L$36,9,0) -> 0 | L84: =K84*J84 -> 0 | M84: Ral 9004
A85: 07.01.06 | B85: Изготовление и монтаж нащельников, профилей
A86: 07.01.06.00 | B86: Изготовление и монтаж нащельников, профилей | L86: =L87+L89 -> 0
B87: Работа: | L87: =L88 -> 0
B88: Монтаж нащельника металлического тип 1 | G88: м.п. | I88: =I90 -> 16.31 | J88: =SUM(I88:I88) -> 16.31 | K88: =VLOOKUP(B88,Работа!$B$4:$G$28,4,0) -> 0 | L88: =K88*J88 -> 0
B89: Материалы: | L89: =L90 -> 0
B90: Нащельник металлический тип 1 | F90: алюминиевый 20*40 | G90: м.п | I90: 16.31 | J90: =SUM(I90:I90) -> 16.31 | K90: =VLOOKUP(B90,Материал!$B$5:$L$36,9,0) -> 0 | L90: =K90*J90 -> 0 | M90: Ral 9004
A91: 07.01.03 | B91: Монтаж дистанционного управления
A92: 07.01.03.00 | B92: Монтаж ДОС | L92: =L93+L95 -> 0
B93: Работа: | L93: =L94 -> 0
B94: Монтаж ДОС | G94: шт | I94: =I96 -> 9 | J94: =SUM(I94:I94) -> 9 | K94: =VLOOKUP(B94,Работа!$B$4:$G$28,4,0) -> 0 | L94: =K94*J94 -> 0
B95: Материалы: | L95: =L96 -> 0
B96: Дистанционное управление открыванием фрамуги | F96: ДОС | G96: шт | I96: 9 | J96: =SUM(I96:I96) -> 9 | K96: =VLOOKUP(B96,Материал!$B$5:$L$36,9,0) -> 0 | L96: =K96*J96 -> 0 | M96: Ral 9004
A97: 07.01.07 | B97: Изготовление и монтаж отливов
A98: 07.01.07.00 | B98: Изготовление и монтаж отливов | L98: =L99+L101 -> 0
B99: Работа: | L99: =L100 -> 0
B100: Монтаж отливов тип 1 | G100: м.п. | I100: =I102 -> 19.25 | J100: =SUM(I100:I100) -> 19.25 | K100: =VLOOKUP(B100,Работа!$B$4:$G$28,4,0) -> 0 | L100: =K100*J100 -> 0
B101: Материалы: | L101: =L102 -> 0
B102: Отлив тип 1 | F102: 350 мм | G102: м.п. | I102: 19.25 | J102: =SUM(I102:I102) -> 19.25 | K102: =VLOOKUP(B102,Материал!$B$5:$L$36,9,0) -> 0 | L102: =K102*J102 -> 0 | M102: Ral 9004
A103: 07.01.99 | B103: Прочие работы
A104: 07.01.99.00 | B104: Прочие работы | L104: =L105+L108 -> 0
B105: Работа: | L105: =L106+L107 -> 0
B106: Монтаж упора и пластины из нержавейки на алюминиевые двери | G106: шт | I106: =I109 -> 9 | J106: =SUM(I106:I106) -> 9 | K106: =VLOOKUP(B106,Работа!$B$4:$G$28,4,0) -> 0 | L106: =K106*J106 -> 0
...

Sheet Работа
A1: Сводная ведомость объемов работ (ГП-215)
A3: № | B3: Наименование | C3: Ед. изм. | D3: Кол-во | E3: Цена за ед. изм., руб | F3: Сумма, руб | G3: Примечание
A4: 07 | B4: Окна
A5: 07.01 | B5: Изготовление и монтаж Al изделий
B6: Изготовление и монтаж дверей | C6: шт | D6: =SUMIF('ЛСР 07.01 (AL)'!$B$14:$N$109,B6,'ЛСР 07.01 (AL)'!$J$14:$J$109) -> 3 | F6: =E6*D6 -> 0
B7: Изготовление и монтаж витражей В-1 тип 1 | C7: шт | D7: =SUMIF('ЛСР 07.01 (AL)'!$B$14:$N$109,B7,'ЛСР 07.01 (AL)'!$J$14:$J$109) -> 5 | F7: =E7*D7 -> 0
B8: Изготовление и монтаж витражей В-1.1 тип 1 | C8: шт | D8: =SUMIF('ЛСР 07.01 (AL)'!$B$14:$N$109,B8,'ЛСР 07.01 (AL)'!$J$14:$J$109) -> 1 | F8: =E8*D8 -> 0
B9: Изготовление и монтаж витражей В-2 тип 1 | C9: шт | D9: =SUMIF('ЛСР 07.01 (AL)'!$B$14:$N$109,B9,'ЛСР 07.01 (AL)'!$J$14:$J$109) -> 2 | F9: =E9*D9 -> 0
B10: Изготовление и монтаж витражей В-3 тип 1 | C10: шт | D10: =SUMIF('ЛСР 07.01 (AL)'!$B$14:$N$109,B10,'ЛСР 07.01 (AL)'!$J$14:$J$109) -> 2 | F10: =E10*D10 -> 0
B11: Изготовление и монтаж витражей В-4 тип 1 | C11: шт | D11: =SUMIF('ЛСР 07.01 (AL)'!$B$14:$N$109,B11,'ЛСР 07.01 (AL)'!$J$14:$J$109) -> 2 | F11: =E11*D11 -> 0
B12: Изготовление и монтаж витражей В-5 тип 1 | C12: шт | D12: =SUMIF('ЛСР 07.01 (AL)'!$B$14:$N$109,B12,'ЛСР 07.01 (AL)'!$J$14:$J$109) -> 2 | F12: =E12*D12 -> 0
B13: Изготовление и монтаж витражей В-6 тип 1 | C13: шт | D13: =SUMIF('ЛСР 07.01 (AL)'!$B$14:$N$109,B13,'ЛСР 07.01 (AL)'!$J$14:$J$109) -> 3 | F13: =E13*D13 -> 0
B14: Изготовление и монтаж витражей В-7 тип 1 | C14: шт | D14: =SUMIF('ЛСР 07.01 (AL)'!$B$14:$N$109,B14,'ЛСР 07.01 (AL)'!$J$14:$J$109) -> 1 | F14: =E14*D14 -> 0
B15: Изготовление и монтаж витражей В-8 тип 1 | C15: шт | D15: =SUMIF('ЛСР 07.01 (AL)'!$B$14:$N$109,B15,'ЛСР 07.01 (AL)'!$J$14:$J$109) -> 1 | F15: =E15*D15 -> 0
B16: Изготовление и монтаж витражей В-9 тип 1 | C16: шт | D16: =SUMIF('ЛСР 07.01 (AL)'!$B$14:$N$109,B16,'ЛСР 07.01 (AL)'!$J$14:$J$109) -> 2 | F16: =E16*D16 -> 0
B17: Изготовление и монтаж витражей В-10 тип 1 | C17: шт | D17: =SUMIF('ЛСР 07.01 (AL)'!$B$14:$N$109,B17,'ЛСР 07.01 (AL)'!$J$14:$J$109) -> 1 | F17: =E17*D17 -> 0
... B28: Изолирование монтажного шва СТИЗ (в т.ч. материал) | C28: м.п. | D28: =SUMIF('ЛСР 07.01 (AL)'!$B$14:$N$109,B28,'ЛСР 07.01 (AL)'!$J$14:$J$109) -> 560.13 | F28: =E28*D28 -> 0
B29: итого AL: | F29: =SUM(F6:F28) -> 0
B30: ВСЕГО СМР: | F30: =F29 -> 0
F31: =F30-'ЛСР 07.01 (AL)'!L111 -> 0

Sheet Материал
A2: Сводная ведомость объемов материала (ГП-215)
A4: № | B4: Наименование | C4: Марка/ Завод изготовитель | D4: Высота, м | E4: Ширина, м | F4: Характеристика | G4: Ед. изм. | H4: Площадь, м2 | I4: Кол-во | J4: Цена за ед. изм., руб | K4: Сумма, руб | L4: Примечание
A5: 07.01 | B5: Изготовление и монтаж Al изделий
B6: В-1 тип 1 | D6: =VLOOKUP(B6,'ЛСР 07.01 (AL)'!$B$14:$N$109,3,0) -> 2.91 | E6: =VLOOKUP(B6,'ЛСР 07.01 (AL)'!$B$14:$N$109,4,0) -> 2.12 | F6: =VLOOKUP(B6,'ЛСР 07.01 (AL)'!$B$14:$N$109,5,0) -> 2,91*2,12 | G6: =VLOOKUP(B6,'ЛСР 07.01 (AL)'!$B$14:$N$109,6,0) -> шт | H6: =(D6*E6)*I6 -> 30.846 | I6: =SUMIF('ЛСР 07.01 (AL)'!$B$14:$N$109,B6,'ЛСР 07.01 (AL)'!$J$14:$J$109) -> 5 | K6: =J6*I6 -> 0 | L6: =VLOOKUP(B6,'ЛСР 07.01 (AL)'!$B$14:$N$109,12,0) -> Ral 9004
B7: В-1.1 тип 1 | D7: =VLOOKUP(B7,'ЛСР 07.01 (AL)'!$B$14:$N$109,3,0) -> 2.91 | E7: =VLOOKUP(B7,'ЛСР 07.01 (AL)'!$B$14:$N$109,4,0) -> 2.12 | F7: =VLOOKUP(B7,'ЛСР 07.01 (AL)'!$B$14:$N$109,5,0) -> 2,91*2,12 | G7: =VLOOKUP(B7,'ЛСР 07.01 (AL)'!$B$14:$N$109,6,0) -> шт | H7: =(D7*E7)*I7 -> 6.1692 | I7: =SUMIF('ЛСР 07.01 (AL)'!$B$14:$N$109,B7,'ЛСР 07.01 (AL)'!$J$14:$J$109) -> 1 | K7: =J7*I7 -> 0 | L7: =VLOOKUP(B7,'ЛСР 07.01 (AL)'!$B$14:$N$109,12,0) -> Ral 9004
B8: В-2 тип 1 | D8: =VLOOKUP(B8,'ЛСР 07.01 (AL)'!$B$14:$N$109,3,0) -> 2.91 | E8: =VLOOKUP(B8,'ЛСР 07.01 (AL)'!$B$14:$N$109,4,0) -> 2.38 | F8: =VLOOKUP(B8,'ЛСР 07.01 (AL)'!$B$14:$N$109,5,0) -> 2,91*2,38 | G8: =VLOOKUP(B8,'ЛСР 07.01 (AL)'!$B$14:$N$109,6,0) -> шт | H8: =(D8*E8)*I8 -> 13.8516 | I8: =SUMIF('ЛСР 07.01 (AL)'!$B$14:$N$109,B8,'ЛСР 07.01 (AL)'!$J$14:$J$109) -> 2 | K8: =J8*I8 -> 0 | L8: =VLOOKUP(B8,'ЛСР 07.01 (AL)'!$B$14:$N$109,12,0) -> Ral 9004
B9: В-3 тип 1 | D9: =VLOOKUP(B9,'ЛСР 07.01 (AL)'!$B$14:$N$109,3,0) -> 2.91 | E9: =VLOOKUP(B9,'ЛСР 07.01 (AL)'!$B$14:$N$109,4,0) -> 2.21 | F9: =VLOOKUP(B9,'ЛСР 07.01 (AL)'!$B$14:$N$109,5,0) -> 2,91*2,31 | G9: =VLOOKUP(B9,'ЛСР 07.01 (AL)'!$B$14:$N$109,6,0) -> шт | H9: =(D9*E9)*I9 -> 12.8622 | I9: =SUMIF('ЛСР 07.01 (AL)'!$B$14:$N$109,B9,'ЛСР 07.01 (AL)'!$J$14:$J$109) -> 2 | K9: =J9*I9 -> 0 | L9: =VLOOKUP(B9,'ЛСР 07.01 (AL)'!$B$14:$N$109,12,0) -> Ral 9004
B10: В-4 тип 1 | D10: =VLOOKUP(B10,'ЛСР 07.01 (AL)'!$B$14:$N$109,3,0) -> 2.91 | E10: =VLOOKUP(B10,'ЛСР 07.01 (AL)'!$B$14:$N$109,4,0) -> 1.515 | F10: =VLOOKUP(B10,'ЛСР 07.01 (AL)'!$B$14:$N$109,5,0) -> 2,91*1,52 | G10: =VLOOKUP(B10,'ЛСР 07.01 (AL)'!$B$14:$N$109,6,0) -> шт | H10: =(D10*E10)*I10 -> 8.8173 | I10: =SUMIF('ЛСР 07.01 (AL)'!$B$14:$N$109,B10,'ЛСР 07.01 (AL)'!$J$14:$J$109) -> 2 | K10: =J10*I10 -> 0 | L10: =VLOOKUP(B10,'ЛСР 07.01 (AL)'!$B$14:$N$109,12,0) -> Ral 9004
B11: В-5 тип 1 | D11: =VLOOKUP(B11,'ЛСР 07.01 (AL)'!$B$14:$N$109,3,0) -> 2.57 | E11: =VLOOKUP(B11,'ЛСР 07.01 (AL)'!$B$14:$N$109,4,0) -> 2.85 | F11: =VLOOKUP(B11,'ЛСР 07.01 (AL)'!$B$14:$N$109,5,0) -> 2,57*2,85 | G11: =VLOOKUP(B11,'ЛСР 07.01 (AL)'!$B$14:$N$109,6,0) -> шт | H11: =(D11*E11)*I11 -> 14.649 | I11: =SUMIF('ЛСР 07.01 (AL)'!$B$14:$N$109,B11,'ЛСР 07.01 (AL)'!$J$14:$J$109) -> 2 | K11: =J11*I11 -> 0 | L11: =VLOOKUP(B11,'ЛСР 07.01 (AL)'!$B$14:$N$109,12,0) -> Ral 9004
B12: В-6 тип 1 | D12: =VLOOKUP(B12,'ЛСР 07.01 (AL)'!$B$14:$N$109,3,0) -> 2.57 | E12: =VLOOKUP(B12,'ЛСР 07.01 (AL)'!$B$14:$N$109,4,0) -> 1.57 | F12: =VLOOKUP(B12,'ЛСР 07.01 (AL)'!$B$14:$N$109,5,0) -> 2,57*1,57 | G12: =VLOOKUP(B12,'ЛСР 07.01 (AL)'!$B$14:$N$109,6,0) -> шт | H12: =(D12*E12)*I12 -> 12.1047 | I12: =SUMIF('ЛСР 07.01 (AL)'!$B$14:$N$109,B12,'ЛСР 07.01 (AL)'!$J$14:$J$109) -> 3 | K12: =J12*I12 -> 0 | L12: =VLOOKUP(B12,'ЛСР 07.01 (AL)'!$B$14:$N$109,12,0) -> Ral 9004
B13: В-7 тип 1 | D13: =VLOOKUP(B13,'ЛСР 07.01 (AL)'!$B$14:$N$109,3,0) -> 2.57 | E13: =VLOOKUP(B13,'ЛСР 07.01 (AL)'!$B$14:$N$109,4,0) -> 0.86 | F13: =VLOOKUP(B13,'ЛСР 07.01 (AL)'!$B$14:$N$109,5,0) -> 2,57*0,86 | G13: =VLOOKUP(B13,'ЛСР 07.01 (AL)'!$B$14:$N$109,6,0) -> шт | H13: =(D13*E13)*I13 -> 2.2102 | I13: =SUMIF('ЛСР 07.01 (AL)'!$B$14:$N$109,B13,'ЛСР 07.01 (AL)'!$J$14:$J$109) -> 1 | K13: =J13*I13 -> 0 | L13: =VLOOKUP(B13,'ЛСР 07.01 (AL)'!$B$14:$N$109,12,0) -> Ral 9004
B14: В-8 тип 1 | D14: =VLOOKUP(B14,'ЛСР 07.01 (AL)'!$B$14:$N$109,3,0) -> 2.57 | E14: =VLOOKUP(B14,'ЛСР 07.01 (AL)'!$B$14:$N$109,4,0) -> 1.52 | F14: =VLOOKUP(B14,'ЛСР 07.01 (AL)'!$B$14:$N$109,5,0) -> 2,57*1,52 | G14: =VLOOKUP(B14,'ЛСР 07.01 (AL)'!$B$14:$N$109,6,0) -> шт | H14: =(D14*E14)*I14 -> 3.9064 | I14: =SUMIF('ЛСР 07.01 (AL)'!$B$14:$N$109,B14,'ЛСР 07.01 (AL)'!$J$14:$J$109) -> 1 | K14: =J14*I14 -> 0 | L14: =VLOOKUP(B14,'ЛСР 07.01 (AL)'!$B$14:$N$109,12,0) -> Ral 9004
B15: В-9 тип 1 | D15: =VLOOKUP(B15,'ЛСР 07.01 (AL)'!$B$14:$N$109,3,0) -> 2.57 | E15: =VLOOKUP(B15,'ЛСР 07.01 (AL)'!$B$14:$N$109,4,0) -> 2.78 | F15: =VLOOKUP(B15,'ЛСР 07.01 (AL)'!$B$14:$N$109,5,0) -> 2,57*2,78 | G15: =VLOOKUP(B15,'ЛСР 07.01 (AL)'!$B$14:$N$109,6,0) -> шт | H15: =(D15*E15)*I15 -> 14.2892 | I15: =SUMIF('ЛСР 07.01 (AL)'!$B$14:$N$109,B15,'ЛСР 07.01 (AL)'!$J$14:$J$109) -> 2 | K15: =J15*I15 -> 0 | L15: =VLOOKUP(B15,'ЛСР 07.01 (AL)'!$B$14:$N$109,12,0) -> Ral 9004
B16: В-10 тип 1 | D16: =VLOOKUP(B16,'ЛСР 07.01 (AL)'!$B$14:$N$109,3,0) -> 8.29 | E16: =VLOOKUP(B16,'ЛСР 07.01 (AL)'!$B$14:$N$109,4,0) -> 38.79 | F16: =VLOOKUP(B16,'ЛСР 07.01 (AL)'!$B$14:$N$109,5,0) -> 8,29*38,79 | G16: =VLOOKUP(B16,'ЛСР 07.01 (AL)'!$B$14:$N$109,6,0) -> шт | H16: =(D16*E16)*I16 -> 321.5691 | I16: =SUMIF('ЛСР 07.01 (AL)'!$B$14:$N$109,B16,'ЛСР 07.01 (AL)'!$J$14:$J$109) -> 1 | K16: =J16*I16 -> 0 | L16: =VLOOKUP(B16,'ЛСР 07.01 (AL)'!$B$14:$N$109,12,0) -> Ral 9004
B17: В-11 тип 1 | D17: =VLOOKUP(B17,'ЛСР 07.01 (AL)'!$B$14:$N$109,3,0) -> 8.35 | E17: =VLOOKUP(B17,'ЛСР 07.01 (AL)'!$B$14:$N$109,4,0) -> 38.79 | F17: =VLOOKUP(B17,'ЛСР 07.01 (AL)'!$B$14:$N$109,5,0) -> 8,35*38,79 | G17: =VLOOKUP(B17,'ЛСР 07.01 (AL)'!$B$14:$N$109,6,0) -> шт | H17: =(D17*E17)*I17 -> 323.8965 | I17: =SUMIF('ЛСР 07.01 (AL)'!$B$14:$N$109,B17,'ЛСР 07.01 (AL)'!$J$14:$J$109) -> 1 | K17: =J17*I17 -> 0 | L17: =VLOOKUP(B17,'ЛСР 07.01 (AL)'!$B$14:$N$109,12,0) -> Ral 9004
... B36: Упор дверной в комплекте с пластиной | D36: =VLOOKUP(B36,'ЛСР 07.01 (AL)'!$B$14:$N$109,3,0) -> 0 | E36: =VLOOKUP(B36,'ЛСР 07.01 (AL)'!$B$14:$N$109,4,0) -> 0 | F36: =VLOOKUP(B36,'ЛСР 07.01 (AL)'!$B$14:$N$109,5,0) -> нержавейка | G36: =VLOOKUP(B36,'ЛСР 07.01 (AL)'!$B$14:$N$109,6,0) -> шт | H36: =(D36*E36)*I36 -> 0 | I36: =SUMIF('ЛСР 07.01 (AL)'!$B$14:$N$109,B36,'ЛСР 07.01 (AL)'!$J$14:$J$109) -> 9 | K36: =J36*I36 -> 0 | L36: =VLOOKUP(B36,'ЛСР 07.01 (AL)'!$B$14:$N$109,12,0) -> нержавейка
B37: итого AL: | K37: =SUM(K6:K36) -> 0
B38: ВСЕГО материал: | K38: =K37 -> 0
K39: =K38-'ЛСР 07.01 (AL)'!L112 -> 0
M125: =K37-'ЛСР 07.01 (AL)'!L112 -> 0
